 Dungeon Crawl Stone Soup version 0.27-a0-489-g24c7b1a3ef (webtiles) character file.

Game seed: 14744299453002129034

1 jasper the Sneak (level 1, 3/13 HPs)
             Began as a Deep Elf Delver on Mar 1, 2021.
             Quit the game on level 4 of the Dungeon.
             The game lasted 00:00:40 (151 turns).

jasper the Sneak (Deep Elf Delver)                   Turns: 151, Time: 00:00:40

Health: 3/13       AC:  4    Str:  9    XL:     1   Next: 16%
Magic:  3/3        EV: 12    Int: 14    God:
Gold:   14         SH:  0    Dex: 16    Spells: 0/0 levels left

rFire    . . .     SeeInvis .   a - +0 spear
rCold    . . .     Faith    .   (no shield)
rNeg     . . .     Spirit   .   b - +0 leather armour
rPois    .         Reflect  .   (no helmet)
rElec    .         Harm     .   (no cloak)
rCorr    .         Rampage  .   (no gloves)
Will     .....                  h - +0 pair of boots
Stlth    +++.......             (no amulet)
HPRegen  0.04/turn              (no ring)
MPRegen  0.08/turn              (no ring)

@: lethally poisoned (3 -> -8)
A: no striking features
a: no special abilities


You were on level 4 of the Dungeon.
You visited 1 branch of the dungeon, and saw 2 of its levels.

You collected 14 gold pieces.

Inventory:

Hand Weapons
 a - a +0 spear (weapon)
Armour
 b - a +0 leather armour (worn)
 h - a +0 pair of boots (worn)
Wands
 g - a wand of digging (1)
Scrolls
 c - a scroll of fog
 d - a scroll of magic mapping
Potions
 f - a potion of haste


   Skills:
 + Level 2.4 Fighting
 - Level 1.3 Polearms
 + Level 2.4 Dodging
 + Level 6.0 Stealth


You couldn't memorise any spells.
You didn't know any spells.
Your spell library was empty.

Dungeon Overview and Level Annotations

Branches:
Dungeon (5/15)
 Temple: D:4-7

Altars:


Message History

A killer bee comes into view.
The killer bee buzzes angrily.
You hear an angry buzzing noise.
A killer bee comes into view.
The killer bee buzzes angrily.
You hear an angry buzzing noise.
There is a stone staircase leading down here.
Okay, then.
As you read the scroll of fear, it crumbles to dust.
You assume a fearsome visage.
The killer bee looks frightened! x2
A killer bee comes into view.
Aiming: Dig
Press: ? - help, Shift-Dir - straight line A rock wall.
The rock shatters into small pieces.
The killer bee stings you but does no damage.
The killer bee closely misses you.
Aiming: Dig
Press: ? - help, Shift-Dir - straight line A rock wall.
The rock shatters into small pieces.
The killer bee stings you. The killer bee barely misses you.
You take 3 damage, and have 10/13 hp.
MASSIVE DAMAGE!!
The killer bee stings you.
Found a fuming grey potion.
You take 1 damage, and have 9/13 hp.
A killer bee comes into view.
The killer bee closely misses you. The killer bee stings you.
You take 1 damage, and have 8/13 hp.
The killer bee completely misses you. The killer bee stings you.
You are lethally poisoned!
The killer bee poisons you!
You take 4 damage, and have 5/13 hp.
MASSIVE DAMAGE!!
You feel sick. The killer bee barely misses you.
You take 1 damage, and have 4/13 hp.
* * * LOW HITPOINT WARNING * * *
You feel sick. The killer bee closely misses you.
You take 1 damage, and have 3/13 hp.
Okay, then.
Okay, then.
Are you sure you want to abandon this character and quit the game? (Confirm with "yes".)

## #.# #.# #.##
##.## ########
##.#.##
#.y..@.###.###.##
....####y##.##
##.## # #.#..##
##># #.##..#
#...# ..##.##..
#.8.# .##..# ###
#y..# # ##! #y.##
# .### .


You could see 2 killer bees.

Vanquished Creatures
  A quokka (D:5)
1 creature vanquished.

Notes
Turn   | Place    | Note
-------+----------+-------------------------------------------
     0 | D:5      | jasper the Deep Elf Delver began the quest for the Orb.
     0 | D:5      | Reached XP level 1. HP: 13/13 MP: 3/3
    16 | D:4      | Noticed an iguana
    16 | D:4      | Noticed a phantom
   112 | D:5      | Noticed a sky beast
   136 | D:4      | Noticed a killer bee
   136 | D:4      | Noticed a killer bee
   137 | D:4      | Noticed a killer bee
   145 | D:4      | Noticed a killer bee
   151 | D:4      | Quit the game

Illustrated notes

Levels and vault maps discovered:
D:4:      layout_loops_ring, overflow_temple_1_default, grunt_ministairs_4,
          tgw_trog, uniq_grinder, uniq_robin, uniq_sigmund
D:5:      layout_loops_ring, uniq_edmund

Action                   || total
-------------------------++-------
Melee: Spear             ||     9
Evoke: Wand              ||     2
  Use: Scroll            ||     1
 Stab: Sleeping          ||     2
Armor: Leather armour    ||     2
Dodge: Dodged            ||    11

Table legend: (Time is in decaauts)
 A = Elapsed time spent in this place.
 B = Non-inter-level travel time spent in this place.
 C = Inter-level travel time spent in this place.
 D = Time resting spent in this place.
 E = Time spent auto-exploring this place.
 F = Levels seen in this place.
 G = Mean time per level.
                   A        B        C        D        E       F      G
               +--------+--------+--------+--------+--------+-----+--------+
         Total |    153 |    153 |      0 |     54 |      9 |   2 |   76.5 |
       Dungeon |    153 |    153 |      0 |     54 |      9 |   2 |   76.5 |
               +--------+--------+--------+--------+--------+-----+--------+

Top non-repeatable levels by time:
     D:5: 132 daAuts
     D:4: 20 daAuts
